 Dungeon Crawl Stone Soup version 0.23.2-1-ga50397a6bc (webtiles) character file.

Game seed: 11130889405653912863

92 Marnok the Skirmisher (level 4, 0/49 HPs)
             Began as an Ogre Berserker on Apr 18, 2019.
             Was a Believer of Trog.
             Slain by a jackal (1 damage)
             ... on level 3 of the Dungeon.
             The game lasted 00:04:55 (2223 turns).

Marnok the Skirmisher (Ogre Berserker)              Turns: 2223, Time: 00:04:55

Health: 0/49       AC:  3    Str: 21    XL:     4   Next: 60%
Magic:  4/4        EV: 11    Int:  8    God:    Trog [**....]
Gold:   73         SH:  0    Dex:  9    Spells: 3/3 levels left

rFire    . . .     SeeInvis .   a - +0 spear
rCold    . . .     Gourm    .   (no shield)
rNeg     . . .     Faith    .   b - +0 animal skin
rPois    .         Spirit   .   i - +0 hat
rElec    .         Reflect  .   (no cloak)
rCorr    .         Harm     +   (gloves unavailable)
MR       .....                  (boots unavailable)
Stlth    +.........             f - amulet of harm
HPRegen  0.16/turn              (no ring)
MPRegen  0.09/turn              (no ring)

@: lethally poisoned (0 -> -2), berserk cooldown, slowed, very slow
A: large, unfitting armour, tough skin 1
a: Berserk, Trog's Hand, Renounce Religion


You were on level 3 of the Dungeon.
You worshipped Trog.
Trog was pleased with you.
You were very hungry.

You visited 1 branch of the dungeon, and saw 3 of its levels.

You collected 73 gold pieces.

Inventory:

Hand Weapons
 a - a +0 spear (weapon)
Armour
 b - a +0 animal skin (worn)
 i - a +0 hat (worn)
Jewellery
 f - an amulet of harm (around neck)
Scrolls
 e - a scroll of magic mapping
 g - a scroll of teleportation
 h - 3 scrolls of blinking
 j - a scroll of amnesia
Comestibles
 c - a ration


   Skills:
 + Level 4.9 Fighting
 + Level 3.9 Polearms
 + Level 3.5 Dodging
 + Level 0.4 Stealth


You had 3 spell levels left.
You didn't know any spells.
Your spell library was empty.

Dungeon Overview and Level Annotations

Branches:
Dungeon (3/15)

Altars:
Ashenzari
Xom
Zin


Innate Abilities, Weirdness & Mutations

You are too large for most types of armour.
You have tough skin. (AC +1)


Message History

You hit the adder.
The adder is heavily wounded.
You feel sick. The jackal barely misses you. The adder closely misses you.
You feel a strong urge to attack something.
You are no longer berserk.
You are exhausted.
You feel yourself slow down.
* * * LOW HITPOINT WARNING * * *
You feel sick. The jackal misses you.
You hit the jackal but do no damage.
You are feeling very hungry.
* * * LOW HITPOINT WARNING * * *
You feel sick.
The jackal bites you but does no damage.
The jackal barely misses you.
You hit the jackal but do no damage.
* * * LOW HITPOINT WARNING * * *
You feel sick. The jackal closely misses you. The jackal bites you.
You die...

##...#...≈≈≈...♣
##.......≈≈≈≈≈...
#...!....≈≈♣≈≈...
#.....†..≈≈≈≈≈...
#......)..≈≈≈...♣
##...†.#.......♣
.
#.......#.....♣♣
..#...)..K#####♣♣
.....<...Sh@...#
..##.....#######
? ##..<..#
#..........
#..##.##### ....
... ##.#. ..<#
#.#. ...# #.#.
...


You could see an adder, a jackal and a kobold.

Vanquished Creatures
  A gnoll (D:1)
  2 adders (D:2)
  An ooze (D:1)
  5 dart slugs
  A leopard gecko (D:1)
  An orc (D:3)
  3 giant cockroaches
  5 goblins
  5 hobgoblins
  3 jackals
  2 quokkas (D:2)
  A ball python (D:1)
  6 bats
  3 frilled lizards
  3 kobolds
  5 rats
47 creatures vanquished.

Notes
Turn   | Place    | Note
-------+----------+-------------------------------------------
     0 | D:1      | Marnok the Ogre Berserker began the quest for the Orb.
     0 | D:1      | Reached XP level 1. HP: 24/24 MP: 1/1
   238 | D:1      | Reached XP level 2. HP: 32/32 MP: 2/2
   550 | D:1      | Reached XP level 3. HP: 19/40 MP: 3/3
  1462 | D:2      | Found a shattered altar of Ashenzari.
  1501 | D:2      | Reached XP level 4. HP: 49/49 MP: 4/4
  1511 | D:2      | Reached ** piety under Trog
  1936 | D:2      | Found a glowing silver altar of Zin.
  1939 | D:2      | Noticed an angel
  1943 | D:2      | Found a shimmering altar of Xom.
  2220 | D:3      | HP: 2/49 [poisoned by an adder]
  2223 | D:3      | Slain by a jackal

Skill      XL: |  1  2 |
---------------+-------+-----
Dodging        | 3 |  3.5
Fighting       | |  4.9
Polearms       | |  3.9
Stealth        | |  0.4

Action                   |  1- 3 |  4- 6 || total
-------------------------+-------+-------++-------
Melee: Spear             |   116 |   107 ||   223
Invok: Berserk           |     1 |     1 ||     2
  Use: Scroll            |       |     4 ||     4
  Eat: Chunk             |     2 |     3 ||     5
Armor: Animal skin       |    41 |    55 ||    96
Dodge: Dodged            |    59 |    80 ||   139
